Map: Acropolis LE

Players

RazerBlader

  • Race: Terran Terran
  • League: Diamond
  • Spawn Location: 5:00

Neeblet (Neeb) - Winner!

  • Race: Protoss Protoss
  • League: Master
  • Spawn Location: 11:00

Event: NationWars 2019

VOD

Have the link to the VOD?

Description

Time

  • Played on: Oct. 12, 2019, 1:07 p.m.
  • Length: 6:31
Show
View Real Time Build Order
Export as new Build Order

RazerBlader Terran 

Build Orders: Reaper Expand 

Get SALT Encoding   

  12  0:01  SCV  
  13  0:13  SCV  
  14  0:17  Supply Depot  
  14  0:25  SCV  
  15  0:38  SCV  
  15  0:40  Barracks  
  16  0:43  Refinery  
  16  0:50  SCV  
  17  1:03  SCV  
  18  1:15  SCV  
  19  1:27  Orbital Command, Reaper  
  20  1:46  Command Center  
  20  1:51  Supply Depot  
  20  1:53  SCV  
  21  1:59  Marine  
  22  2:05  SCV  
  23  2:10  Factory  
  23  2:17  SCV  
  23  2:18  Barracks Tech Lab  
  24  2:29  SCV  
  25  2:41  SCV  
  26  2:47  Command Center  
  26  2:54  SCV  
  27  3:00  Orbital Command  
  27  3:02  Cyclone  
  29  3:06  SCV  
  29  3:11  Refinery, Marine  
  31  3:18  SCV  
  32  3:27  SCV  
  32  3:30  SCV  
  33  3:42  SCV  
  33  3:45  Cyclone, Marine  
  33  3:46  SCV  
  34  3:54  Barracks, SCV  
  35  3:58  Barracks, SCV  
  35  3:59  Orbital Command  
  36  4:04  Barracks Reactor  
  36  4:06  SCV  
  36  4:11  SCV  
  34  4:18  SCV  
  34  4:23  SCV, Cyclone  
  37  4:25  SCV  
  37  4:30  SCV  
  39  4:33  Engineering Bay  
  39  4:35  SCV  
  39  4:37  SCV  
  41  4:40  Marine x2  
  41  4:42  SCV  
  44  4:47  SCV  
  44  4:50  SCV, Barracks Tech Lab  
  46  4:53  Barracks  
  46  4:55  SCV  
  46  4:59  SCV  
  48  5:02  Barracks, SCV  
  48  5:03  Missile Turret  
  48  5:04  Marine  
  48  5:05  Factory Reactor  
  48  5:06  Marine  
  48  5:07  SCV  
  52  5:11  SCV  
  51  5:18  Marine  
  51  5:19  Marine  
  41  5:22  SCV, Marine  
  41  5:23  Marine  
  33  5:36  Marine  
  33  5:37  SCV, Marine  
  33  5:40  Marine x2  
  33  5:41  Marine  
  33  5:42  Widow Mine  
  40  5:50  Marine  
  40  5:52  SCV  
  40  5:54  Marine  
  43  6:02  Marine x2  
  46  6:04  Marauder  
Show
View Real Time Build Order
Export as new Build Order

Neeblet Protoss - Winner!

Build Orders: 1 Gate Expand, Oracle Opening 

Get SALT Encoding   

  12  0:01  Probe  
  13  0:13  Probe  
  14  0:17  Pylon  
  14  0:25  Probe (Chrono Boost)  
  15  0:37  Probe (Chrono Boost)  
  15  0:38  Gateway  
  16  0:43  Probe (Chrono Boost)  
  16  0:46  Assimilator  
  17  0:51  Probe  
  18  1:03  Probe  
  19  1:15  Probe  
  20  1:23  Nexus  
  20  1:34  Cybernetics Core  
  20  1:35  Probe  
  21  1:42  Assimilator  
  21  1:47  Probe  
  21  1:50  Pylon  
  22  1:59  Probe  
  23  2:02  Pylon  
  23  2:08  Adept (Chrono Boost)  
  23  2:11  Probe  
  26  2:21  Stargate  
  26  2:25  Probe  
  26  2:29  Warp Gate  
  27  2:36  Probe  
  28  2:37  Probe  
  28  2:39  Adept (Chrono Boost)  
  31  2:48  Probe  
  31  2:49  Probe  
  32  3:01  Probe  
  32  3:02  Adept, Oracle (Chrono Boost)  
  38  3:07  Probe  
  39  3:13  Probe  
  39  3:19  Probe  
  41  3:26  Probe  
  42  3:31  Probe  
  42  3:33  Oracle (Chrono Boost)  
  46  3:38  Probe  
  45  3:44  Probe  
  43  3:50  Probe  
  43  3:51  Gateway  
  43  3:52  Gateway  
  42  3:56  Probe  
  42  4:00  Oracle (Chrono Boost)  
  42  4:02  Probe  
  47  4:09  Probe  
  48  4:14  Probe  
  48  4:15  Nexus  
  49  4:17  Pylon  
  49  4:21  Probe  
  50  4:26  Probe  
  50  4:28  Oracle (Chrono Boost)  
  50  4:30  Assimilator  
  54  4:32  Assimilator  
  54  4:33  Pylon  
  54  4:35  Probe  
  55  4:39  Probe  
  55  4:44  Adept  
  55  4:45  Adept  
  60  4:47  Adept  
  60  4:51  Probe x2  
  64  4:55  Pylon  
  64  5:03  Probe  
  64  5:06  Stalker x2, Pylon  
  69  5:09  Pylon, Probe  
  70  5:17  Stalker  
  70  5:18  Probe  
  71  5:21  Probe  
  72  5:29  Probe  
  72  5:31  Probe  
  72  5:33  Stalker x2  
  78  5:36  Probe (Chrono Boost)  
  78  5:40  Forge  
  78  5:42  Stalker, Twilight Council  
  81  5:43  Probe (Chrono Boost)  
  81  5:45  Probe (Chrono Boost)  
  81  5:48  Probe (Chrono Boost)  
  84  5:54  Probe (Chrono Boost)  
  84  5:56  Probe (Chrono Boost)  
  87  5:57  Probe (Chrono Boost)  
  87  5:59  Probe (Chrono Boost)  
Tags
 
Add a new tag
Caveats
  • Supply blocks, unpowered buildings, or Contaminate may cause inaccurate times.
  • Supply counts are checked every 10 seconds.